cohdb
Replays
Latest Replays
All Replays
Popular Replays
Top Player Replays
Match Explorer
How It Works
Community
CoH3 Stats
Reddit
Sign in to upload your games and track your stats! →
Sign in with Steam
Match 42284120
Unlisted
Match 42284120
Overview
Messages
Build Orders
End
Panzergrenadier Squad
250 Light Carrier
250 Light Carrier
Construct Light Support Kompanie
Combat Half-tracks
Selects Armored Support Battlegroup
Panzergrenadier Squad
Selects Salvage Kits
Fire Support Elements
Vehicle Survival Package
Panzerjäger Mechanized Group
Tungsten Core Ammunition
Selects Veteran Gunners
Veteran Squad Leaders
Construct Panzerarmee Kommand
打飞医保卡
Skeletor
irunfast2
Moltke1871
badger2
[DeanOfBao]hokkskyc
iiruoz
Tharrats
0
0
Comments
sign in to comment!
No comments posted yet!